WCHLSIM.com - West Coast Hockey League
Dernière mise à jour: 2025-12-07 16:11:59
html PUBLIC "-//W3C//DTD XHTML 1.0 Transitional//EN" "http://www.w3.org/TR/xhtml1/DTD/xhtml1-transitional.dtd"> WCHL - Game 976 - ANCHORAGE ACES vs VICTORIA GLADIATORS

ANCHORAGE ACES vs VICTORIA GLADIATORS

Created - 9 mars 2025 at 09:36

Goals
1 2 3 OT1 T
ANCHORAGE ACES 1 0 2 0 3
VICTORIA GLADIATORS 1 2 0 1 4
Shots
1 2 3 OT1 T
ANCHORAGE ACES 8 6 14 4 32
VICTORIA GLADIATORS 13 17 10 4 44

1st period

1. VICTORIA GLADIATORS , Logan O'Connor 7 (Brayden McNabb 12, Brenden Dillon 11) at 16:55
2. ANCHORAGE ACES , Ilya Lyubushkin 3 (Danton Heinen 13, David Perron 22) at 19:21

Penalties :
Alexander Romanov (ANC) for Hooking (Minor) at 3:30, Victor Hedman (VIC) for Cross-checking (Minor) at 8:32, Connor McDavid (ANC) for Hooking (Minor) at 8:32

2nd period

3. VICTORIA GLADIATORS , Jonathan Audy-Marchessault 24 (Victor Hedman 43, Cam Fowler 15) at 2:17
4. VICTORIA GLADIATORS , David Pastrnak 29 (Matt Duchene 37) at 18:00

Penalties :
David Pastrnak (VIC) for Roughing (Minor) at 19:00

3rd period

5. ANCHORAGE ACES , David Perron 13 (Nathan MacKinnon 35, Sam Bennett 23) at 0:16 (PP)
6. ANCHORAGE ACES , Jake Evans 7 (Danton Heinen 14, David Perron 23) at 18:53

Penalties :
Brenden Dillon (VIC) for Unsportsmanlike conduct (Minor) at 5:32, Jake Oettinger (VIC) for Unsportsmanlike conduct (Minor) at 11:54 - Brenden Dillon served the penalty.

Overtime #1

7. VICTORIA GLADIATORS , Artemi Panarin 24 (Mark Scheifele 41, Cam Fowler 16) at 4:13

Penalties :
No Penalty

Goalie Stats

Dustin Wolf (ANC), 40 saves from 44 shots - (0,909), OTL, 14-3-1, 64:14 minutes
Jake Oettinger (VIC), 29 saves from 32 shots - (0,906), W, 35-13-6, 64:14 minutes

Players Stats for ANCHORAGE ACES

Player Name              G  A  P  +/- PIM S  H  SB GA TA FO     MP     PP MP  PK MP  
------------------------------------------------------------------------------------
Alexander DeBrincat      0  0  0  -2  0   3  0  1  0  0  1/3    22:39   3:37   0:00 
Alexander Romanov        0  0  0  -2  2   1  1  2  0  0  0/0    21:43   2:12   0:00 
Andrei Svechnikov        0  0  0  -1  0   2  0  0  0  0  3/10    4:27   0:00   0:00 
Cal Clutterbuck          0  0  0  -1  0   0  1  0  0  0  0/0     4:27   0:00   0:00 
Connor McDavid           0  0  0   0  2   4  1  0  0  0  9/23   23:26   3:37   0:42 
Danton Heinen            0  2  2   1  0   2  1  0  0  0  1/1    15:21   1:37   0:00 
David Perron             1  2  3   1  0   4  0  0  0  0  1/1    15:21   1:37   0:00 
Eetu Luostarinen         0  0  0  -1  0   0  0  0  0  0  0/1     4:27   0:00   0:00 
Erik Johnson             0  0  0   0  0   1  2  2  0  0  0/0    13:29   0:00   0:00 
Ilya Lyubushkin          1  0  1   0  0   2  3  0  0  0  0/0    14:57   0:00   0:42 
Jake Evans               1  0  1   1  0   2  1  0  0  0  8/22   14:26   0:00   0:42 
Jakob Chychrun           0  0  0   0  0   1  0  1  0  0  0/0    27:33   3:02   1:17 
Nathan MacKinnon         0  1  1  -1  0   3  0  2  0  0  15/30  23:20   2:28   0:00 
Ryan Pulock              0  0  0   0  0   0  2  2  0  0  0/0    24:15   2:46   1:17 
Sam Bennett              0  1  1  -1  0   1  3  1  0  0  0/1    20:05   1:37   1:17 
Stefan Noesen            0  0  0   0  0   2  1  0  0  0  1/2    17:23   0:00   1:17 
William Borgen           0  0  0  -1  0   1  2  0  0  0  0/0    19:48   0:00   0:42 
Yegor Sharangovich       0  0  0  -1  0   3  0  0  0  0  1/4    21:35   3:37   0:00 

Players Stats for VICTORIA GLADIATORS

Player Name              G  A  P  +/- PIM S  H  SB GA TA FO     MP     PP MP  PK MP  
------------------------------------------------------------------------------------
Adam Lowry               0  0  0   1  0   4  1  0  0  0  14/22  16:18   0:00   3:54 
Artemi Panarin           1  0  1   0  0   6  0  0  0  0  0/1    20:43   1:07   0:00 
Brayden McNabb           0  1  1   1  0   2  0  1  0  0  0/0    20:47   0:00   2:13 
Brenden Dillon           0  1  1   1  2   1  4  1  0  0  0/0    19:01   0:00   0:23 
Cam Fowler               0  2  2   1  0   1  0  0  0  0  0/0    24:55   1:06   1:20 
David Pastrnak           1  0  1   0  2   2  4  0  0  0  0/0    20:27   0:53   0:00 
Dylan DeMelo             0  0  0   0  0   0  0  1  0  0  0/0    13:06   0:00   0:00 
Jan Rutta                0  0  0   0  0   0  0  3  0  0  0/0    18:32   1:06   3:23 
Jonathan Audy-Marchessau 1  0  1   1  0   6  1  0  0  0  0/1    14:18   0:52   0:00 
Jordan Martinook         0  0  0   1  0   1  0  0  0  0  0/0    14:14   0:52   0:58 
Lars Eller               0  0  0   1  0   1  0  0  0  0  2/5     4:25   0:00   0:58 
Logan O'Connor           1  0  1   1  0   2  0  0  0  0  0/1     3:27   0:00   0:00 
Mark Scheifele           0  1  1   0  0   3  2  0  0  0  17/31  21:40   1:07   0:00 
Mathieu Olivier          0  0  0   1  0   0  0  0  0  0  0/0     4:25   0:00   0:58 
Matt Duchene             0  1  1   0  0   3  2  0  0  0  20/28  18:37   0:52   0:00 
Mikael Granlund          0  0  0  -1  0   8  0  0  0  0  5/7    23:22   1:07   0:12 
Phillip Danault          0  0  0   0  0   3  2  0  0  0  0/2    20:11   0:00   3:28 
Victor Hedman            0  1  1   0  2   1  2  2  0  0  0/0    26:58   0:53   3:09 

3 Stars

1 - David Perron (ANC)
2 - Jonathan Audy-Marchessault (VIC)
3 - Logan O'Connor (VIC)

Power Play

ANCHORAGE ACES - 1 on 3 Attempt(s) - 33,33%
VICTORIA GLADIATORS - 0 on 1 Attempt(s) - 0,00%

Penalty Kill

ANCHORAGE ACES - 1 on 1 Attempt(s) - 100,00% - Score 0 goal in Penalty Kill
VICTORIA GLADIATORS - 2 on 3 Attempt(s) - 66,67% - Score 0 goal in Penalty Kill

Team Stat

ANCHORAGE ACES - Hits : 18 - Faceoff Wins : 40 - Blocked Shots : 11 - Penalty Minutes : 4
VICTORIA GLADIATORS - Hits : 18 - Faceoff Wins : 58 - Blocked Shots : 8 - Penalty Minutes : 8

Official

Referees : Michael Markovic and Tom Chmielewski
Linesman : Neil Campbell and Scott Driscoll

Game Notes

No Game Note

Finance

Level 1 -- Attendance: 6300 (100,00%) -- Ticket Income 882 000 $
Level 2 -- Attendance: 5300 (100,00%) -- Ticket Income 583 000 $
Level 3 -- Attendance: 2200 (100,00%) -- Ticket Income 198 000 $
Level 4 -- Attendance: 3972 (94,57%) -- Ticket Income 238 320 $
Luxury Box -- Attendance: 940 (94,00%) -- Ticket Income 244 400 $
Game was played at the Verizon Center.
Total Attendance: 18712 (98,48%)
Total Ticket Income: 2 145 720 $
Other Expense: 21 457 $
Total Income: 2 124 263 $

ANCHORAGE ACES

5 vs 5 Forward 
   Center                   Left Wing                Right Wing               Time % Phy DF OF 
 1 Connor McDavid           Yegor Sharangovich       Stefan Noesen            32     0   1  4  
 2 Nathan MacKinnon         Sam Bennett              Alexander DeBrincat      32     0   1  4  
 3 Jake Evans               Danton Heinen            David Perron             26     1   2  2  
 4 Andrei Svechnikov        Eetu Luostarinen         Cal Clutterbuck          10     2   2  1  

5 vs 5 Defense 
   Defense                  Defense                                           Time % Phy DF OF 
 1 Ryan Pulock              Jakob Chychrun                                    35     2   2  1  
 2 William Borgen           Alexander Romanov                                 35     2   3  0  
 3 Ilya Lyubushkin          Erik Johnson                                      25     2   3  0  
 4 Ryan Pulock              Jakob Chychrun                                    5      1   2  2  

PowerPlay Forward 
   Center                   Left Wing                Right Wing               Time % Phy DF OF 
 1 Connor McDavid           Alexander DeBrincat      Yegor Sharangovich       50     1   2  2  
 2 Sam Bennett              Danton Heinen            David Perron             50     1   2  2  

PowerPlay Defense
   Defense                  Defense                                           Time % Phy DF OF 
 1 Nathan MacKinnon         Jakob Chychrun                                    55     0   1  4  
 2 Ryan Pulock              Alexander Romanov                                 45     1   2  2  

Penalty Kill 4 Players Forward 
   Center                   Wing                     Time % Phy DF OF 
 1 Jake Evans               Connor McDavid           55     1   2  2  
 2 Sam Bennett              Stefan Noesen            45     1   2  2  

Penalty Kill 4 Players Defense
   Defense                  Defense                  Time % Phy DF OF 
 1 Alexander Romanov        Ryan Pulock              55     1   2  2  
 2 Ilya Lyubushkin          William Borgen           45     1   2  2  

Penalty Kill - 3 Players Forward 
   Forward                                           Time % Phy DF OF 
 1 Jake Evans                                        55     1   2  2  
 2 Sam Bennett                                       45     1   2  2  

Penalty Kill - 3 Players Defense
   Defense                  Defense                  Time % Phy DF OF 
 1 Alexander Romanov        Ryan Pulock              55     1   2  2  
 2 Ilya Lyubushkin          William Borgen           45     1   2  2  

4 vs 4 Forward 
   Center                   Wing                     Time % Phy DF OF 
 1 Sam Bennett              Connor McDavid           50     1   2  2  
 2 Alexander DeBrincat      Nathan MacKinnon         50     1   2  2  

4 vs 4 Defense
   Defense                  Defense                  Time % Phy DF OF 
 1 Ryan Pulock              Jakob Chychrun           55     1   2  2  
 2 William Borgen           Ilya Lyubushkin          45     1   2  2  

Last Minutes Offensive
   Center                   Left Wing                Right Wing               Defense                  Defense                  
   Connor McDavid           Alexander DeBrincat      Nathan MacKinnon         Ryan Pulock              Jakob Chychrun           

Last Minutes Defensive
   Center                   Left Wing                Right Wing               Defense                  Defense                  
   Connor McDavid           Sam Bennett              Nathan MacKinnon         Ryan Pulock              Jakob Chychrun           

Goaltenders
Starting : Dustin Wolf              
Backup : Darcy Kuemper            

Extra Forwards
Normal : David Perron, Connor McDavid, Yegor Sharangovich - PP : David Perron, Sam Bennett - PK : Connor McDavid
Extra Defensemen
Normal : Jakob Chychrun, Ryan Pulock, Alexander Romanov - PP : Jakob Chychrun - PK : Alexander Romanov, Ryan Pulock
Penalty Shots
Nathan MacKinnon, Connor McDavid, Alexander DeBrincat, Yegor Sharangovich, Sam Bennett
Custom OT Lines Forwards
Connor McDavid, Nathan MacKinnon, Alexander DeBrincat, Yegor Sharangovich, Sam Bennett, Jake Evans, David Perron, Danton Heinen, Stefan Noesen, Andrei Svechnikov
Custom OT Lines Defensemen
Jakob Chychrun, Alexander Romanov, Ryan Pulock, William Borgen, Ilya Lyubushkin

Scratches
Colin Blackwell (Healthy)

VICTORIA GLADIATORS

5 vs 5 Forward 
   Center                   Left Wing                Right Wing               Time % Phy DF OF 
 1 Mark Scheifele           Artemi Panarin           Mikael Granlund          36     0   2  3  
 2 Matt Duchene             Phillip Danault          David Pastrnak           34     0   2  3  
 3 Adam Lowry               Jordan Martinook         Jonathan Audy-Marchessaul24     0   2  3  
 4 Lars Eller               Logan O'Connor           Mathieu Olivier          6      0   2  3  

5 vs 5 Defense 
   Defense                  Defense                                           Time % Phy DF OF 
 1 Victor Hedman            Cam Fowler                                        40     0   2  3  
 2 Brayden McNabb           Brenden Dillon                                    35     0   2  3  
 3 Jan Rutta                Dylan DeMelo                                      25     0   3  2  
 4 Brayden McNabb           Brenden Dillon                                    0      0   3  2  

PowerPlay Forward 
   Center                   Left Wing                Right Wing               Time % Phy DF OF 
 1 Mark Scheifele           Artemi Panarin           Mikael Granlund          60     1   1  3  
 2 Matt Duchene             Jordan Martinook         Jonathan Audy-Marchessaul40     1   1  3  

PowerPlay Defense
   Defense                  Defense                                           Time % Phy DF OF 
 1 Victor Hedman            David Pastrnak                                    60     1   1  3  
 2 Jan Rutta                Cam Fowler                                        40     1   1  3  

Penalty Kill 4 Players Forward 
   Center                   Wing                     Time % Phy DF OF 
 1 Adam Lowry               Phillip Danault          60     1   2  2  
 2 Lars Eller               Mathieu Olivier          40     1   2  2  

Penalty Kill 4 Players Defense
   Defense                  Defense                  Time % Phy DF OF 
 1 Brayden McNabb           Brenden Dillon           60     1   2  2  
 2 Jan Rutta                Victor Hedman            40     1   2  2  

Penalty Kill - 3 Players Forward 
   Forward                                           Time % Phy DF OF 
 1 Adam Lowry                                        55     0   5  0  
 2 Phillip Danault                                   45     0   5  0  

Penalty Kill - 3 Players Defense
   Defense                  Defense                  Time % Phy DF OF 
 1 Brayden McNabb           Brenden Dillon           55     0   5  0  
 2 Victor Hedman            Cam Fowler               45     0   5  0  

4 vs 4 Forward 
   Center                   Wing                     Time % Phy DF OF 
 1 Mark Scheifele           Mikael Granlund          52     1   2  2  
 2 Matt Duchene             Jonathan Audy-Marchessaul48     1   2  2  

4 vs 4 Defense
   Defense                  Defense                  Time % Phy DF OF 
 1 Jan Rutta                Brayden McNabb           52     1   2  2  
 2 Victor Hedman            Cam Fowler               48     1   2  2  

Last Minutes Offensive
   Center                   Left Wing                Right Wing               Defense                  Defense                  
   Mark Scheifele           Artemi Panarin           David Pastrnak           Victor Hedman            Cam Fowler               

Last Minutes Defensive
   Center                   Left Wing                Right Wing               Defense                  Defense                  
   Lars Eller               Phillip Danault          Mathieu Olivier          Brayden McNabb           Brenden Dillon           

Goaltenders
Starting : Jake Oettinger           
Backup : Charlie Lindgren         

Extra Forwards
Normal : Artemi Panarin, Mikael Granlund, Jonathan Audy-Marchessault - PP : Phillip Danault, Adam Lowry - PK : Jordan Martinook
Extra Defensemen
Normal : Jan Rutta, Brayden McNabb, Cam Fowler - PP : Brenden Dillon - PK : Cam Fowler, Victor Hedman
Penalty Shots
Artemi Panarin, David Pastrnak, Matt Duchene, Mark Scheifele, Mikael Granlund
Custom OT Lines Forwards
Mikael Granlund, David Pastrnak, Artemi Panarin, Mark Scheifele, Phillip Danault, Jonathan Audy-Marchessault, Matt Duchene, Adam Lowry, Lars Eller, Jordan Martinook
Custom OT Lines Defensemen
Victor Hedman, Cam Fowler, Brayden McNabb, Brenden Dillon, Jan Rutta

Scratches
None


% Time on Ice - ANCHORAGE ACES

Lines # - Real PCT - Wanted PCT - Time Play
Normal Forward
1 - 32% - 32% - 16:06
2 - 33% - 32% - 16:31
3 - 27% - 26% - 13:44
4 - 9% - 10% - 4:27
Normal Defense
1 - 35% - 35% - 17:50
2 - 36% - 35% - 18:20
3 - 27% - 25% - 13:29
4 - 2% - 5% - 1:09
PP Forward
1 - 69% - 50% - 3:37
2 - 31% - 50% - 1:37
PP Defense
1 - 47% - 55% - 2:28
2 - 53% - 45% - 2:46
PK Forward
1 - 35% - 55% - 0:42
2 - 65% - 45% - 1:17
PK Defense
1 - 65% - 55% - 1:17
2 - 35% - 45% - 0:42
PK3 Forward
1 - 0% - 55%
2 - 0% - 45%
PK3 Defense
1 - 0% - 55%
2 - 0% - 45%
44 Forward
1 - 34% - 50% - 0:40
2 - 66% - 50% - 1:19
44 Defense
1 - 61% - 55% - 1:13
2 - 39% - 45% - 0:46
Last Minute Offensive  - 0:00
Last Minute Defensive  - 0:00
Total
Forward - 60:00
Defense - 60:00

% Time on Ice - VICTORIA GLADIATORS

Lines # - Real PCT - Wanted PCT - Time Play
Normal Forward
1 - 36% - 36% - 18:14
2 - 33% - 34% - 16:43
3 - 24% - 24% - 12:24
4 - 7% - 6% - 3:27
Normal Defense
1 - 40% - 40% - 20:05
2 - 35% - 35% - 17:37
3 - 26% - 25% - 13:06
4 - 0% - 0% - 0:00
PP Forward
1 - 56% - 60% - 1:07
2 - 44% - 40% - 0:52
PP Defense
1 - 45% - 60% - 0:53
2 - 55% - 40% - 1:06
PK Forward
1 - 82% - 60% - 4:16
2 - 18% - 40% - 0:58
PK Defense
1 - 46% - 60% - 2:23
2 - 54% - 40% - 2:51
PK3 Forward
1 - 0% - 55%
2 - 0% - 45%
PK3 Defense
1 - 0% - 55%
2 - 0% - 45%
44 Forward
1 - 48% - 52% - 0:57
2 - 52% - 48% - 1:02
44 Defense
1 - 48% - 52% - 0:57
2 - 52% - 48% - 1:02
Last Minute Offensive  - 0:00
Last Minute Defensive  - 0:00
Total
Forward - 60:00
Defense - 60:00

Play-by-Play

1st period


0:01 of 1st period - Mark Scheifele wins face-off versus Stefan Noesen in neutral zone.
0:26 of 1st period - Shot by Mikael Granlund.
0:26 of 1st period - Stopped by Dustin Wolf without a rebound.
0:27 of 1st period - Nathan MacKinnon wins face-off versus Matt Duchene in ANCHORAGE ACES zone.
0:41 of 1st period - Shot by Alexander DeBrincat.
0:41 of 1st period - Stopped by Jake Oettinger without a rebound.
0:42 of 1st period - Adam Lowry wins face-off versus Jake Evans in VICTORIA GLADIATORS zone.
0:42 of 1st period - Adam Lowry is hit by Danton Heinen.
0:48 of 1st period - Shot by Jordan Martinook.
0:48 of 1st period - Stopped by Dustin Wolf without a rebound.
0:49 of 1st period - Adam Lowry wins face-off versus Jake Evans in ANCHORAGE ACES zone.
0:49 of 1st period - Jordan Martinook is hit by Erik Johnson and loses puck.
0:54 of 1st period - Shot by Jonathan Audy-Marchessault.
0:54 of 1st period - Stopped by Dustin Wolf without a rebound.
0:55 of 1st period - Matt Duchene wins face-off versus Andrei Svechnikov in ANCHORAGE ACES zone.
1:19 of 1st period - Off-side.
1:20 of 1st period - Nathan MacKinnon wins face-off versus Adam Lowry in neutral zone.
1:46 of 1st period - Shot by Jordan Martinook.
1:46 of 1st period - Shot Misses the Net.
1:48 of 1st period - Shot by Adam Lowry.
1:48 of 1st period - Stopped by Dustin Wolf without a rebound.
1:49 of 1st period - Mark Scheifele wins face-off versus Jake Evans in ANCHORAGE ACES zone.
2:32 of 1st period - Ryan Pulock is hit by Mark Scheifele and loses puck.
2:50 of 1st period - Ryan Pulock is hit by Brenden Dillon and loses puck.
3:00 of 1st period - Icing by Brayden McNabb.
3:01 of 1st period - Matt Duchene wins face-off versus Connor McDavid in VICTORIA GLADIATORS zone.
3:01 of 1st period - Matt Duchene is hit by Stefan Noesen.
3:18 of 1st period - Phillip Danault is hit by William Borgen and loses puck.
3:26 of 1st period - Matt Duchene is hit by William Borgen and loses puck.
3:30 of 1st period - Minor Penalty to Alexander Romanov for Hooking.
3:31 of 1st period - Mark Scheifele wins face-off versus Jake Evans in ANCHORAGE ACES zone.
4:45 of 1st period - Shot by Victor Hedman.
4:45 of 1st period - Shot Misses the Net.
5:05 of 1st period - Shot by David Pastrnak.
5:05 of 1st period - Shot Blocked by Ryan Pulock.
5:28 of 1st period - Off-side.
5:29 of 1st period - Mark Scheifele wins face-off versus Jake Evans in neutral zone.
5:55 of 1st period - Shot by Cal Clutterbuck.
5:55 of 1st period - Deflect By Andrei Svechnikov.
5:55 of 1st period - Stopped by Jake Oettinger without a rebound.
5:56 of 1st period - Matt Duchene wins face-off versus Jake Evans in VICTORIA GLADIATORS zone.
6:07 of 1st period - Shot by Matt Duchene.
6:07 of 1st period - Stopped by Dustin Wolf without a rebound.
6:08 of 1st period - Nathan MacKinnon wins face-off versus Mark Scheifele in ANCHORAGE ACES zone.
6:43 of 1st period - Shot by Mark Scheifele.
6:43 of 1st period - Shot Misses the Net.
6:45 of 1st period - Shot by Mikael Granlund.
6:45 of 1st period - Stopped by Dustin Wolf without a rebound.
6:46 of 1st period - Adam Lowry wins face-off versus Connor McDavid in ANCHORAGE ACES zone.
6:49 of 1st period - Shot by Jonathan Audy-Marchessault.
6:49 of 1st period - Deflect By Adam Lowry.
6:49 of 1st period - Shot Misses the Net.
7:01 of 1st period - Shot by Connor McDavid.
7:01 of 1st period - Deflect By Stefan Noesen.
7:01 of 1st period - Stopped by Jake Oettinger without a rebound.
7:02 of 1st period - Jake Evans wins face-off versus Matt Duchene in VICTORIA GLADIATORS zone.
7:13 of 1st period - Shot by David Perron.
7:13 of 1st period - Shot Misses the Net.
8:13 of 1st period - Jonathan Audy-Marchessault is hit by Alexander Romanov and loses puck.
8:32 of 1st period - Minor Penalty to Victor Hedman for Cross-checking.
8:32 of 1st period - Minor Penalty to Connor McDavid for Hooking.
8:33 of 1st period - Alexander DeBrincat wins face-off versus Mark Scheifele in VICTORIA GLADIATORS zone.
8:38 of 1st period - Shot by Alexander DeBrincat.
8:38 of 1st period - Stopped by Jake Oettinger without a rebound.
8:39 of 1st period - Mark Scheifele wins face-off versus Yegor Sharangovich in VICTORIA GLADIATORS zone.
9:36 of 1st period - Shot by Matt Duchene.
9:36 of 1st period - Deflect By Jonathan Audy-Marchessault.
9:36 of 1st period - Stopped by Dustin Wolf without a rebound.
9:37 of 1st period - Matt Duchene wins face-off versus Alexander DeBrincat in ANCHORAGE ACES zone.
9:38 of 1st period - Shot by Jonathan Audy-Marchessault.
9:38 of 1st period - Stopped by Dustin Wolf without a rebound.
9:39 of 1st period - Matt Duchene wins face-off versus Nathan MacKinnon in ANCHORAGE ACES zone.
9:45 of 1st period - Shot by Matt Duchene.
9:45 of 1st period - Stopped by Dustin Wolf with a rebound.
10:20 of 1st period - Shot by Nathan MacKinnon.
10:20 of 1st period - Shot Misses the Net.
11:07 of 1st period - Icing by Jan Rutta.
11:08 of 1st period - Danton Heinen wins face-off versus Mark Scheifele in VICTORIA GLADIATORS zone.
12:44 of 1st period - Icing by William Borgen.
12:45 of 1st period - Adam Lowry wins face-off versus Jake Evans in ANCHORAGE ACES zone.
13:50 of 1st period - Jonathan Audy-Marchessault is hit by Ryan Pulock and loses puck.
14:16 of 1st period - Shot by Stefan Noesen.
14:16 of 1st period - Stopped by Jake Oettinger with a rebound.
14:18 of 1st period - Shot by Connor McDavid.
14:18 of 1st period - Stopped by Jake Oettinger without a rebound.
14:19 of 1st period - Mark Scheifele wins face-off versus Eetu Luostarinen in VICTORIA GLADIATORS zone.
14:44 of 1st period - Icing by Erik Johnson.
14:45 of 1st period - Matt Duchene wins face-off versus Andrei Svechnikov in ANCHORAGE ACES zone.
14:48 of 1st period - Shot by Phillip Danault.
14:48 of 1st period - Shot Misses the Net.
14:56 of 1st period - Cal Clutterbuck is hit by Phillip Danault and loses puck.
16:06 of 1st period - Shot by Mikael Granlund.
16:06 of 1st period - Shot Misses the Net.
16:16 of 1st period - Shot by Mikael Granlund.
16:16 of 1st period - Shot Misses the Net.
16:29 of 1st period - Icing by Mikael Granlund.
16:30 of 1st period - Mark Scheifele wins face-off versus Nathan MacKinnon in VICTORIA GLADIATORS zone.
16:30 of 1st period - Mark Scheifele is hit by Sam Bennett.
16:55 of 1st period - Shot by Logan O'Connor.
16:55 of 1st period - Goal by Logan O'Connor - ANCHORAGE ACES : 0 - VICTORIA GLADIATORS : 1.
16:56 of 1st period - Matt Duchene wins face-off versus Andrei Svechnikov in neutral zone.
17:03 of 1st period - Off-side.
17:04 of 1st period - Matt Duchene wins face-off versus Nathan MacKinnon in neutral zone.
17:07 of 1st period - Shot by Phillip Danault.
17:07 of 1st period - Stopped by Dustin Wolf with a rebound.
17:21 of 1st period - Icing by Alexander DeBrincat.
17:22 of 1st period - Nathan MacKinnon wins face-off versus Mark Scheifele in ANCHORAGE ACES zone.
17:38 of 1st period - Shot by Mark Scheifele.
17:38 of 1st period - Stopped by Dustin Wolf without a rebound.
17:39 of 1st period - Connor McDavid wins face-off versus Matt Duchene in ANCHORAGE ACES zone.
18:44 of 1st period - Icing by Nathan MacKinnon.
18:45 of 1st period - Nathan MacKinnon wins face-off versus Mark Scheifele in ANCHORAGE ACES zone.
19:01 of 1st period - Icing by Cam Fowler.
19:02 of 1st period - Jake Evans wins face-off versus Mark Scheifele in VICTORIA GLADIATORS zone.
19:11 of 1st period - Shot by Jake Evans.
19:11 of 1st period - Shot Misses the Net.
19:19 of 1st period - Shot by Danton Heinen.
19:19 of 1st period - Stopped by Jake Oettinger with a rebound.
19:21 of 1st period - Shot by Ilya Lyubushkin.
19:21 of 1st period - Goal by Ilya Lyubushkin - ANCHORAGE ACES : 1 - VICTORIA GLADIATORS : 1.
19:22 of 1st period - Adam Lowry wins face-off versus Nathan MacKinnon in neutral zone.
19:24 of 1st period - Off-side.
19:25 of 1st period - Nathan MacKinnon wins face-off versus Adam Lowry in neutral zone.
19:25 of 1st period - Alexander DeBrincat is hit by Adam Lowry and loses puck.
19:32 of 1st period - Shot by Jonathan Audy-Marchessault.
19:32 of 1st period - Stopped by Dustin Wolf without a rebound.
19:33 of 1st period - Nathan MacKinnon wins face-off versus Adam Lowry in ANCHORAGE ACES zone.
19:38 of 1st period - Cam Fowler is hit by Sam Bennett and loses puck.
Goals for this period are 1 for ANCHORAGE ACES vs 1 for VICTORIA GLADIATORS.
Shots for this period are 8 for ANCHORAGE ACES vs 13 for VICTORIA GLADIATORS.

2nd period


0:01 of 2nd period - Nathan MacKinnon wins face-off versus Mark Scheifele in neutral zone.
0:19 of 2nd period - Icing by Ryan Pulock.
0:20 of 2nd period - Matt Duchene wins face-off versus Nathan MacKinnon in ANCHORAGE ACES zone.
1:18 of 2nd period - Shot by Artemi Panarin.
1:18 of 2nd period - Shot Misses the Net.
1:20 of 2nd period - Shot by Mark Scheifele.
1:20 of 2nd period - The goal is going for a video replay.
1:20 of 2nd period - The goal is refused.
1:21 of 2nd period - Mark Scheifele wins face-off versus Connor McDavid in ANCHORAGE ACES zone.
1:37 of 2nd period - Connor McDavid is hit by Brenden Dillon and loses puck.
2:00 of 2nd period - Shot by Connor McDavid.
2:00 of 2nd period - Shot Blocked by Brenden Dillon.
2:02 of 2nd period - Shot by Yegor Sharangovich.
2:02 of 2nd period - Stopped by Jake Oettinger without a rebound.
2:03 of 2nd period - Adam Lowry wins face-off versus Jake Evans in VICTORIA GLADIATORS zone.
2:03 of 2nd period - Adam Lowry is hit by Jake Evans.
2:17 of 2nd period - Shot by Jonathan Audy-Marchessault.
2:17 of 2nd period - Goal by Jonathan Audy-Marchessault - ANCHORAGE ACES : 1 - VICTORIA GLADIATORS : 2.
2:18 of 2nd period - Matt Duchene wins face-off versus Andrei Svechnikov in neutral zone.
2:18 of 2nd period - Matt Duchene is hit by Cal Clutterbuck.
2:21 of 2nd period - Off-side.
2:22 of 2nd period - Adam Lowry wins face-off versus Jake Evans in neutral zone.
2:28 of 2nd period - Jonathan Audy-Marchessault is hit by Ilya Lyubushkin and loses puck.
3:04 of 2nd period - Jonathan Audy-Marchessault is hit by Ilya Lyubushkin.
3:07 of 2nd period - Icing by Ilya Lyubushkin.
3:08 of 2nd period - Jake Evans wins face-off versus Matt Duchene in ANCHORAGE ACES zone.
3:08 of 2nd period - Jake Evans is hit by Phillip Danault.
3:17 of 2nd period - Shot by Matt Duchene.
3:17 of 2nd period - Stopped by Dustin Wolf with a rebound.
3:19 of 2nd period - Shot by Brayden McNabb.
3:19 of 2nd period - Stopped by Dustin Wolf with a rebound.
3:43 of 2nd period - Off-side.
3:44 of 2nd period - Connor McDavid wins face-off versus Mark Scheifele in neutral zone.
3:51 of 2nd period - Shot by Yegor Sharangovich.
3:51 of 2nd period - Stopped by Jake Oettinger without a rebound.
3:52 of 2nd period - Mark Scheifele wins face-off versus Connor McDavid in VICTORIA GLADIATORS zone.
4:15 of 2nd period - Shot by Connor McDavid.
4:15 of 2nd period - Shot Misses the Net.
4:33 of 2nd period - Icing by Alexander Romanov.
4:34 of 2nd period - Matt Duchene wins face-off versus Connor McDavid in ANCHORAGE ACES zone.
4:53 of 2nd period - Shot by David Pastrnak.
4:53 of 2nd period - Stopped by Dustin Wolf without a rebound.
4:54 of 2nd period - Nathan MacKinnon wins face-off versus Adam Lowry in ANCHORAGE ACES zone.
4:56 of 2nd period - Icing by Sam Bennett.
4:57 of 2nd period - Adam Lowry wins face-off versus Nathan MacKinnon in ANCHORAGE ACES zone.
5:17 of 2nd period - Shot by Alexander DeBrincat.
5:17 of 2nd period - Shot Blocked by Dylan DeMelo.
5:31 of 2nd period - Shot by Nathan MacKinnon.
5:31 of 2nd period - Shot Blocked by Jan Rutta.
5:33 of 2nd period - Shot by Nathan MacKinnon.
5:33 of 2nd period - Stopped by Jake Oettinger without a rebound.
5:34 of 2nd period - Andrei Svechnikov wins face-off versus Mark Scheifele in VICTORIA GLADIATORS zone.
5:43 of 2nd period - Eetu Luostarinen is hit by Mark Scheifele and loses puck.
5:50 of 2nd period - Shot by Ilya Lyubushkin.
5:50 of 2nd period - Stopped by Jake Oettinger without a rebound.
5:51 of 2nd period - Connor McDavid wins face-off versus Matt Duchene in VICTORIA GLADIATORS zone.
5:51 of 2nd period - Stefan Noesen is hit by Brenden Dillon and loses puck.
6:18 of 2nd period - Off-side.
6:19 of 2nd period - Mark Scheifele wins face-off versus Nathan MacKinnon in neutral zone.
6:26 of 2nd period - Icing by Nathan MacKinnon.
6:27 of 2nd period - Nathan MacKinnon wins face-off versus Mark Scheifele in ANCHORAGE ACES zone.
7:18 of 2nd period - Cam Fowler is hit by Sam Bennett and loses puck.
7:39 of 2nd period - Icing by Victor Hedman.
7:40 of 2nd period - Mark Scheifele wins face-off versus Jake Evans in VICTORIA GLADIATORS zone.
8:06 of 2nd period - Shot by Jake Evans.
8:06 of 2nd period - Shot Misses the Net.
8:08 of 2nd period - Shot by David Perron.
8:08 of 2nd period - Deflect By Danton Heinen.
8:08 of 2nd period - Shot Misses the Net.
8:10 of 2nd period - Shot by Erik Johnson.
8:10 of 2nd period - Stopped by Jake Oettinger without a rebound.
8:11 of 2nd period - Matt Duchene wins face-off versus Connor McDavid in VICTORIA GLADIATORS zone.
9:52 of 2nd period - Shot by Adam Lowry.
9:52 of 2nd period - Stopped by Dustin Wolf with a rebound.
10:10 of 2nd period - Shot by Mathieu Olivier.
10:10 of 2nd period - Shot Misses the Net.
10:29 of 2nd period - Shot by Lars Eller.
10:29 of 2nd period - Stopped by Dustin Wolf without a rebound.
10:30 of 2nd period - Mark Scheifele wins face-off versus Andrei Svechnikov in ANCHORAGE ACES zone.
10:30 of 2nd period - Artemi Panarin is hit by Ilya Lyubushkin and loses puck.
10:33 of 2nd period - Shot by Brenden Dillon.
10:33 of 2nd period - Stopped by Dustin Wolf with a rebound.
10:35 of 2nd period - Shot by Mikael Granlund.
10:35 of 2nd period - Shot Misses the Net.
10:39 of 2nd period - Shot by Mikael Granlund.
10:39 of 2nd period - Stopped by Dustin Wolf with a rebound.
11:05 of 2nd period - Shot by Mikael Granlund.
11:05 of 2nd period - Shot Misses the Net.
11:07 of 2nd period - Shot by Mikael Granlund.
11:07 of 2nd period - Stopped by Dustin Wolf without a rebound.
11:08 of 2nd period - Connor McDavid wins face-off versus Phillip Danault in ANCHORAGE ACES zone.
11:08 of 2nd period - Connor McDavid is hit by Matt Duchene.
11:13 of 2nd period - Off-side.
11:14 of 2nd period - Matt Duchene wins face-off versus Connor McDavid in neutral zone.
11:19 of 2nd period - Alexander Romanov is hit by Matt Duchene.
11:47 of 2nd period - Icing by Yegor Sharangovich.
11:48 of 2nd period - Connor McDavid wins face-off versus Jonathan Audy-Marchessault in ANCHORAGE ACES zone.
11:48 of 2nd period - Yegor Sharangovich is hit by Jonathan Audy-Marchessault and loses puck.
11:55 of 2nd period - Cam Fowler is hit by Connor McDavid and loses puck.
12:03 of 2nd period - Yegor Sharangovich is hit by Victor Hedman and loses puck.
12:20 of 2nd period - Shot by Adam Lowry.
12:20 of 2nd period - Stopped by Dustin Wolf with a rebound.
12:23 of 2nd period - Icing by Ryan Pulock.
12:24 of 2nd period - Matt Duchene wins face-off versus Nathan MacKinnon in ANCHORAGE ACES zone.
12:27 of 2nd period - Shot by Phillip Danault.
12:27 of 2nd period - Stopped by Dustin Wolf without a rebound.
12:28 of 2nd period - Matt Duchene wins face-off versus Jake Evans in ANCHORAGE ACES zone.
13:03 of 2nd period - Shot by David Pastrnak.
13:03 of 2nd period - Shot Misses the Net.
13:37 of 2nd period - Shot by Sam Bennett.
13:37 of 2nd period - Shot Misses the Net.
13:59 of 2nd period - Shot by Mikael Granlund.
13:59 of 2nd period - Shot Blocked by Erik Johnson.
14:01 of 2nd period - Shot by Mark Scheifele.
14:01 of 2nd period - Shot Misses the Net.
14:03 of 2nd period - Shot by Jan Rutta.
14:03 of 2nd period - Shot Misses the Net.
14:07 of 2nd period - Shot by Mikael Granlund.
14:07 of 2nd period - Stopped by Dustin Wolf without a rebound.
14:08 of 2nd period - Adam Lowry wins face-off versus Connor McDavid in ANCHORAGE ACES zone.
14:46 of 2nd period - Icing by Connor McDavid.
14:47 of 2nd period - Mikael Granlund wins face-off versus Connor McDavid in ANCHORAGE ACES zone.
15:43 of 2nd period - Icing by Alexander Romanov.
15:44 of 2nd period - Matt Duchene wins face-off versus Connor McDavid in ANCHORAGE ACES zone.
16:14 of 2nd period - Shot by Sam Bennett.
16:14 of 2nd period - Deflect By Nathan MacKinnon.
16:14 of 2nd period - Shot Blocked by Brayden McNabb.
16:16 of 2nd period - Shot by Jakob Chychrun.
16:16 of 2nd period - Shot Misses the Net.
17:06 of 2nd period - Shot by Jonathan Audy-Marchessault.
17:06 of 2nd period - Stopped by Dustin Wolf with a rebound.
17:08 of 2nd period - Shot by Adam Lowry.
17:08 of 2nd period - Stopped by Dustin Wolf without a rebound.
17:09 of 2nd period - Jake Evans wins face-off versus Mark Scheifele in ANCHORAGE ACES zone.
17:17 of 2nd period - Shot by Mikael Granlund.
17:17 of 2nd period - Shot Misses the Net.
17:23 of 2nd period - Shot by Artemi Panarin.
17:23 of 2nd period - Shot Misses the Net.
17:25 of 2nd period - Shot by Mikael Granlund.
17:25 of 2nd period - Stopped by Dustin Wolf without a rebound.
17:26 of 2nd period - Andrei Svechnikov wins face-off versus Lars Eller in ANCHORAGE ACES zone.
17:56 of 2nd period - Icing by Erik Johnson.
17:57 of 2nd period - Matt Duchene wins face-off versus Andrei Svechnikov in ANCHORAGE ACES zone.
18:00 of 2nd period - Shot by David Pastrnak.
18:00 of 2nd period - Goal by David Pastrnak - ANCHORAGE ACES : 1 - VICTORIA GLADIATORS : 3.
18:01 of 2nd period - Jake Evans wins face-off versus Matt Duchene in neutral zone.
18:01 of 2nd period - Jake Evans is hit by David Pastrnak.
18:09 of 2nd period - Shot by David Perron.
18:09 of 2nd period - Shot Hit the Post.
18:23 of 2nd period - Shot by David Pastrnak.
18:23 of 2nd period - Shot Misses the Net.
18:37 of 2nd period - Shot by Matt Duchene.
18:37 of 2nd period - Shot Misses the Net.
18:59 of 2nd period - Alexander DeBrincat is hit by David Pastrnak.
19:00 of 2nd period - Minor Penalty to David Pastrnak for Roughing.
19:01 of 2nd period - Connor McDavid wins face-off versus Phillip Danault in VICTORIA GLADIATORS zone.
19:10 of 2nd period - Shot by Alexander DeBrincat.
19:10 of 2nd period - Shot Blocked by Victor Hedman.
19:12 of 2nd period - Shot by Connor McDavid.
19:12 of 2nd period - Shot Blocked by Jan Rutta.
19:14 of 2nd period - Shot by Nathan MacKinnon.
19:14 of 2nd period - Deflect By Connor McDavid.
19:14 of 2nd period - Shot Misses the Net.
19:16 of 2nd period - Shot by Yegor Sharangovich.
19:16 of 2nd period - Stopped by Jake Oettinger without a rebound.
19:17 of 2nd period - Connor McDavid wins face-off versus Adam Lowry in VICTORIA GLADIATORS zone.
Goals for this period are 0 for ANCHORAGE ACES vs 2 for VICTORIA GLADIATORS.
Shots for this period are 6 for ANCHORAGE ACES vs 17 for VICTORIA GLADIATORS.

3rd period


0:01 of 3rd period - David Perron wins face-off versus Adam Lowry in neutral zone.
0:16 of 3rd period - Shot by David Perron.
0:16 of 3rd period - Goal by David Perron - ANCHORAGE ACES : 2 - VICTORIA GLADIATORS : 3.
0:17 of 3rd period - Mark Scheifele wins face-off versus Connor McDavid in neutral zone.
0:34 of 3rd period - Shot by Artemi Panarin.
0:34 of 3rd period - Stopped by Dustin Wolf with a rebound.
1:48 of 3rd period - Shot by Nathan MacKinnon.
1:48 of 3rd period - Stopped by Jake Oettinger without a rebound.
1:49 of 3rd period - Jake Evans wins face-off versus Adam Lowry in VICTORIA GLADIATORS zone.
2:29 of 3rd period - Icing by William Borgen.
2:30 of 3rd period - Jake Evans wins face-off versus Matt Duchene in ANCHORAGE ACES zone.
2:37 of 3rd period - Shot by Danton Heinen.
2:37 of 3rd period - Stopped by Jake Oettinger with a rebound.
2:39 of 3rd period - Shot by Danton Heinen.
2:39 of 3rd period - Shot Misses the Net.
2:41 of 3rd period - Shot by Alexander Romanov.
2:41 of 3rd period - Stopped by Jake Oettinger without a rebound.
2:42 of 3rd period - Nathan MacKinnon wins face-off versus Logan O'Connor in VICTORIA GLADIATORS zone.
2:43 of 3rd period - Shot by Sam Bennett.
2:43 of 3rd period - Shot Misses the Net.
3:53 of 3rd period - Shot by Victor Hedman.
3:53 of 3rd period - Stopped by Dustin Wolf without a rebound.
3:54 of 3rd period - Matt Duchene wins face-off versus Jake Evans in ANCHORAGE ACES zone.
4:05 of 3rd period - Shot by Danton Heinen.
4:05 of 3rd period - Shot Misses the Net.
4:34 of 3rd period - Danton Heinen is hit by Victor Hedman and loses puck.
4:43 of 3rd period - William Borgen is hit by David Pastrnak and loses puck.
5:32 of 3rd period - Minor Penalty to Brenden Dillon for Unsportsmanlike conduct.
5:33 of 3rd period - Adam Lowry wins face-off versus Connor McDavid in VICTORIA GLADIATORS zone.
6:54 of 3rd period - Shot by Sam Bennett.
6:54 of 3rd period - Stopped by Jake Oettinger without a rebound.
6:55 of 3rd period - Connor McDavid wins face-off versus Adam Lowry in VICTORIA GLADIATORS zone.
7:04 of 3rd period - Shot by Alexander DeBrincat.
7:04 of 3rd period - Shot Blocked by Jan Rutta.
7:38 of 3rd period - Shot by Phillip Danault.
7:38 of 3rd period - Stopped by Dustin Wolf without a rebound.
7:39 of 3rd period - Mark Scheifele wins face-off versus Andrei Svechnikov in ANCHORAGE ACES zone.
7:42 of 3rd period - Shot by Artemi Panarin.
7:42 of 3rd period - Stopped by Dustin Wolf with a rebound.
7:44 of 3rd period - Shot by Artemi Panarin.
7:44 of 3rd period - Shot Blocked by Erik Johnson.
8:04 of 3rd period - Shot by Mark Scheifele.
8:04 of 3rd period - Shot Misses the Net.
8:10 of 3rd period - Shot by Artemi Panarin.
8:10 of 3rd period - Stopped by Dustin Wolf without a rebound.
8:11 of 3rd period - Jake Evans wins face-off versus Lars Eller in ANCHORAGE ACES zone.
8:18 of 3rd period - Shot by David Perron.
8:18 of 3rd period - Stopped by Jake Oettinger with a rebound.
8:30 of 3rd period - Shot by Logan O'Connor.
8:30 of 3rd period - Shot Blocked by Alexander Romanov.
8:32 of 3rd period - Shot by Mathieu Olivier.
8:32 of 3rd period - Shot Misses the Net.
8:34 of 3rd period - Shot by Jan Rutta.
8:34 of 3rd period - Shot Misses the Net.
8:36 of 3rd period - Shot by Logan O'Connor.
8:36 of 3rd period - Stopped by Dustin Wolf without a rebound.
8:37 of 3rd period - Nathan MacKinnon wins face-off versus Matt Duchene in ANCHORAGE ACES zone.
9:02 of 3rd period - Shot by Nathan MacKinnon.
9:02 of 3rd period - Shot Misses the Net.
9:18 of 3rd period - Shot by David Pastrnak.
9:18 of 3rd period - Deflect By Matt Duchene.
9:18 of 3rd period - Shot Misses the Net.
9:20 of 3rd period - Shot by Phillip Danault.
9:20 of 3rd period - Shot Blocked by Sam Bennett.
9:22 of 3rd period - Shot by Cam Fowler.
9:22 of 3rd period - Shot Misses the Net.
9:24 of 3rd period - Shot by Matt Duchene.
9:24 of 3rd period - Shot Blocked by Nathan MacKinnon.
9:42 of 3rd period - Shot by Jonathan Audy-Marchessault.
9:42 of 3rd period - Shot Misses the Net.
9:49 of 3rd period - Icing by Sam Bennett.
9:50 of 3rd period - Mark Scheifele wins face-off versus Alexander DeBrincat in ANCHORAGE ACES zone.
10:24 of 3rd period - Shot by Mikael Granlund.
10:24 of 3rd period - Shot Blocked by Ryan Pulock.
10:26 of 3rd period - Shot by Brayden McNabb.
10:26 of 3rd period - Stopped by Dustin Wolf with a rebound.
10:28 of 3rd period - Shot by Mikael Granlund.
10:28 of 3rd period - Shot Misses the Net.
10:30 of 3rd period - Shot by Mark Scheifele.
10:30 of 3rd period - Shot Misses the Net.
10:32 of 3rd period - Shot by Artemi Panarin.
10:32 of 3rd period - Stopped by Dustin Wolf without a rebound.
10:33 of 3rd period - Adam Lowry wins face-off versus Connor McDavid in ANCHORAGE ACES zone.
10:38 of 3rd period - Shot by Jonathan Audy-Marchessault.
10:38 of 3rd period - Shot Misses the Net.
10:41 of 3rd period - Jordan Martinook is hit by Erik Johnson.
11:23 of 3rd period - Icing by Cam Fowler.
11:24 of 3rd period - Adam Lowry wins face-off versus Jake Evans in VICTORIA GLADIATORS zone.
11:47 of 3rd period - David Perron is hit by Brenden Dillon and loses puck.
11:54 of 3rd period - Shot by David Perron.
11:54 of 3rd period - Stopped by Jake Oettinger without a rebound.
11:54 of 3rd period - Minor Penalty to Jake Oettinger for Unsportsmanlike conduct.
11:55 of 3rd period - Adam Lowry wins face-off versus Connor McDavid in VICTORIA GLADIATORS zone.
12:04 of 3rd period - Shot by Yegor Sharangovich.
12:04 of 3rd period - Deflect By Connor McDavid.
12:04 of 3rd period - Stopped by Jake Oettinger with a rebound.
12:20 of 3rd period - Shot by Phillip Danault.
12:20 of 3rd period - Shot Misses the Net.
12:22 of 3rd period - Shot by Adam Lowry.
12:22 of 3rd period - Shot Misses the Net.
12:24 of 3rd period - Shot by Brayden McNabb.
12:24 of 3rd period - Deflect By Phillip Danault.
12:24 of 3rd period - Shot Misses the Net.
12:56 of 3rd period - Shot by David Perron.
12:56 of 3rd period - Stopped by Jake Oettinger without a rebound.
12:57 of 3rd period - Lars Eller wins face-off versus Sam Bennett in VICTORIA GLADIATORS zone.
13:21 of 3rd period - Shot by Jakob Chychrun.
13:21 of 3rd period - Shot Misses the Net.
13:23 of 3rd period - Shot by Nathan MacKinnon.
13:23 of 3rd period - Shot Misses the Net.
14:09 of 3rd period - Shot by Mikael Granlund.
14:09 of 3rd period - Stopped by Dustin Wolf without a rebound.
14:10 of 3rd period - Andrei Svechnikov wins face-off versus Lars Eller in ANCHORAGE ACES zone.
14:19 of 3rd period - Shot by Andrei Svechnikov.
14:19 of 3rd period - Stopped by Jake Oettinger without a rebound.
14:20 of 3rd period - Connor McDavid wins face-off versus Mark Scheifele in VICTORIA GLADIATORS zone.
14:31 of 3rd period - Shot by Yegor Sharangovich.
14:31 of 3rd period - Shot Misses the Net.
15:03 of 3rd period - Shot by Artemi Panarin.
15:03 of 3rd period - Stopped by Dustin Wolf without a rebound.
15:04 of 3rd period - Matt Duchene wins face-off versus Nathan MacKinnon in ANCHORAGE ACES zone.
15:10 of 3rd period - David Pastrnak is hit by Ryan Pulock and loses puck.
15:23 of 3rd period - Shot by Alexander DeBrincat.
15:23 of 3rd period - Shot Misses the Net.
15:25 of 3rd period - Shot by Alexander DeBrincat.
15:25 of 3rd period - Shot Misses the Net.
15:27 of 3rd period - Shot by Alexander DeBrincat.
15:27 of 3rd period - Stopped by Jake Oettinger without a rebound.
15:28 of 3rd period - Adam Lowry wins face-off versus Jake Evans in VICTORIA GLADIATORS zone.
17:18 of 3rd period - Shot by Sam Bennett.
17:18 of 3rd period - Shot Hit the Post.
17:20 of 3rd period - Shot by William Borgen.
17:20 of 3rd period - Stopped by Jake Oettinger with a rebound.
17:35 of 3rd period - Icing by William Borgen.
17:36 of 3rd period - Matt Duchene wins face-off versus Nathan MacKinnon in ANCHORAGE ACES zone.
18:09 of 3rd period - Shot by David Pastrnak.
18:09 of 3rd period - Shot Blocked by Alexander DeBrincat.
18:30 of 3rd period - Jake Evans is hit by David Pastrnak and loses puck.
18:53 of 3rd period - Shot by Jake Evans.
18:53 of 3rd period - Goal by Jake Evans - ANCHORAGE ACES : 3 - VICTORIA GLADIATORS : 3.
18:54 of 3rd period - Stefan Noesen wins face-off versus Artemi Panarin in neutral zone.
19:08 of 3rd period - Shot by Connor McDavid.
19:08 of 3rd period - Shot Misses the Net.
19:10 of 3rd period - Shot by Yegor Sharangovich.
19:10 of 3rd period - Shot Misses the Net.
19:12 of 3rd period - Shot by Ryan Pulock.
19:12 of 3rd period - Shot Misses the Net.
19:56 of 3rd period - Shot by Jake Evans.
19:56 of 3rd period - Stopped by Jake Oettinger without a rebound.
19:57 of 3rd period - Lars Eller wins face-off versus Nathan MacKinnon in VICTORIA GLADIATORS zone.
Goals for this period are 2 for ANCHORAGE ACES vs 0 for VICTORIA GLADIATORS.
Shots for this period are 14 for ANCHORAGE ACES vs 10 for VICTORIA GLADIATORS.

Overtime #1


0:01 of 1st overtime period - Nathan MacKinnon wins face-off versus Mikael Granlund in neutral zone.
0:06 of 1st overtime period - Shot by Connor McDavid.
0:06 of 1st overtime period - Shot Blocked by Victor Hedman.
0:08 of 1st overtime period - Shot by Jakob Chychrun.
0:08 of 1st overtime period - Stopped by Jake Oettinger without a rebound.
0:09 of 1st overtime period - Mikael Granlund wins face-off versus Nathan MacKinnon in VICTORIA GLADIATORS zone.
1:08 of 1st overtime period - Off-side.
1:09 of 1st overtime period - Yegor Sharangovich wins face-off versus Mark Scheifele in neutral zone.
1:29 of 1st overtime period - Shot by Mark Scheifele.
1:29 of 1st overtime period - Shot Blocked by Alexander Romanov.
1:31 of 1st overtime period - Shot by Artemi Panarin.
1:31 of 1st overtime period - Deflect By Mark Scheifele.
1:31 of 1st overtime period - Stopped by Dustin Wolf without a rebound.
1:32 of 1st overtime period - Mikael Granlund wins face-off versus Yegor Sharangovich in ANCHORAGE ACES zone.
2:03 of 1st overtime period - Shot by David Pastrnak.
2:03 of 1st overtime period - Deflect By Mikael Granlund.
2:03 of 1st overtime period - Stopped by Dustin Wolf without a rebound.
2:04 of 1st overtime period - Mark Scheifele wins face-off versus Nathan MacKinnon in ANCHORAGE ACES zone.
2:15 of 1st overtime period - Shot by Nathan MacKinnon.
2:15 of 1st overtime period - Stopped by Jake Oettinger without a rebound.
2:16 of 1st overtime period - Mikael Granlund wins face-off versus Nathan MacKinnon in VICTORIA GLADIATORS zone.
2:33 of 1st overtime period - Shot by Nathan MacKinnon.
2:33 of 1st overtime period - Deflect By Connor McDavid.
2:33 of 1st overtime period - Stopped by Jake Oettinger without a rebound.
2:34 of 1st overtime period - Nathan MacKinnon wins face-off versus Mark Scheifele in VICTORIA GLADIATORS zone.
2:48 of 1st overtime period - Shot by Artemi Panarin.
2:48 of 1st overtime period - Shot Misses the Net.
2:50 of 1st overtime period - Shot by Cam Fowler.
2:50 of 1st overtime period - Stopped by Dustin Wolf without a rebound.
2:51 of 1st overtime period - Nathan MacKinnon wins face-off versus Mikael Granlund in ANCHORAGE ACES zone.
3:04 of 1st overtime period - Shot by Connor McDavid.
3:04 of 1st overtime period - Stopped by Jake Oettinger without a rebound.
3:05 of 1st overtime period - Mikael Granlund wins face-off versus Nathan MacKinnon in VICTORIA GLADIATORS zone.
3:20 of 1st overtime period - Shot by David Pastrnak.
3:20 of 1st overtime period - Shot Misses the Net.
3:22 of 1st overtime period - Shot by Victor Hedman.
3:22 of 1st overtime period - Shot Misses the Net.
3:24 of 1st overtime period - Shot by David Pastrnak.
3:24 of 1st overtime period - Shot Blocked by Nathan MacKinnon.
3:32 of 1st overtime period - Shot by David Pastrnak.
3:32 of 1st overtime period - Shot Blocked by Jakob Chychrun.
3:34 of 1st overtime period - Shot by Mikael Granlund.
3:34 of 1st overtime period - Shot Misses the Net.
3:59 of 1st overtime period - Icing by Cam Fowler.
4:00 of 1st overtime period - Mark Scheifele wins face-off versus Yegor Sharangovich in VICTORIA GLADIATORS zone.
4:07 of 1st overtime period - Shot by Artemi Panarin.
4:07 of 1st overtime period - Shot Misses the Net.
4:13 of 1st overtime period - Shot by Artemi Panarin.
4:13 of 1st overtime period - Goal by Artemi Panarin - ANCHORAGE ACES : 3 - VICTORIA GLADIATORS : 4.
Goals for this period are 0 for ANCHORAGE ACES vs 1 for VICTORIA GLADIATORS.
Shots for this period are 4 for ANCHORAGE ACES vs 4 for VICTORIA GLADIATORS.


MATTHEW
TKACHUK
TOM
WILSON
JAKE
GUENTZEL